 Dungeon Crawl Stone Soup version 0.17-a0-1763-g847a857 (webtiles) character file.

473 Medved the Skirmisher (level 6, -9/60 HPs)
             Began as a Minotaur Berserker on Sept 5, 2015.
             Was a Priest of Trog.
             Mangled by Pikel
             ... wielding a +0 whip of electrocution
              (16 damage)
             ... on level 5 of the Dungeon.
             The game lasted 00:09:11 (3363 turns).

Medved the Skirmisher (Minotaur Berserker)          Turns: 3363, Time: 00:09:12

Health: -9/60      AC:  5    Str: 23    XL:     6   Next: 84%
Magic:  5/5        EV: 12    Int:  4    God:    Trog [***...]
Gold:   151        SH:  0    Dex: 10    Spells: 0 memorised, 5 levels left

rFire  . . .     SeeInvis .     a - +0 hand axe
rCold  . . .     Clarity  .     b - +0 animal skin
rNeg   . . .     SustAt   .     (no shield)
rPois  .         Gourm    .     (helmet restricted)
rElec  .         Spirit   .     (no cloak)
rCorr  .         Warding  .     i - +2 pair of gloves
rMut   +         Stasis   .     (no boots)
MR     .....                    l - amulet of resist mutation
Stlth  +.........               (no ring)
                                (no ring)

@: not resistant to hostile enchantments, very unstealthy
A: retaliatory headbutt, horns 2
a: Burn Spellbooks, Berserk, Trog's Hand, Renounce Religion


You were on level 5 of the Dungeon.
You worshipped Trog.
Trog was most pleased with you.
You were not hungry.

You visited 1 branch of the dungeon, and saw 5 of its levels.

You collected 151 gold pieces.

Inventory:

Hand weapons
 a - a +0 hand axe (weapon)
Armour
 b - a +0 animal skin (worn)
 i - a +2 pair of gloves (worn)
Jewellery
 h - a cursed ring of teleportation
 l - an amulet of resist mutation (around neck)
 n - a cursed ring of loudness
Scrolls
 d - 5 scrolls of identify
 j - a scroll of magic mapping {unknown}
 k - 3 scrolls of remove curse {unknown}
 o - 2 scrolls of enchant armour {unknown}
 p - a scroll of teleportation {unknown}
 t - a scroll of fog {unknown}
Potions
 e - a potion of lignification {unknown}
 f - a potion of haste {unknown}
 m - 2 potions of curing {unknown}
 q - a potion of brilliance {unknown}
 u - a potion of might {unknown}
 v - a potion of mutation {unknown}
Books
 x - a Necronomicon

   Spells                             Type                      Level
   a - Haunt                          Necromancy/Summoning         7
   b - Borgnjor's Revivification      Necromancy                   8
   c - Death's Door                   Charms/Necromancy            8
   d - Necromutation                  Transmutation/Necromancy     8
   Trog disapproves of the use of such an item.
Comestibles
 c - 3 bread rations
 g - 2 meat rations
 r - a royal jelly
 s - 2 beef jerkies
 w - a chunk of flesh


   Skills:
 + Level 7.1 Fighting
 + Level 6.7 Axes
 + Level 3.2 Armour
 - Level 2.1 Dodging


You had 5 spell levels left.
You didn't know any spells.

Dungeon Overview and Level Annotations

Branches:
Dungeon (5/15)
 Temple: D:4-7

Altars:
Qazlal

Annotations:
D:5 Pikel


Innate Abilities, Weirdness & Mutations

You reflexively headbutt those who attack you in melee.
You have a pair of horns on your head.


Message History

A giant frog comes into view.
Things that are here:
an animal skin; a human corpse You hit Pikel.
Pikel is lightly wounded.
You completely miss the slave.
The slave is moderately wounded.
The slave barely misses you.
Pikel hits you with a whip of electrocution.
You are electrocuted!
You closely miss Pikel. Your headbutt misses Pikel.
Pikel is lightly wounded.
You hit the slave.
The slave is heavily wounded.
The slave hits you.
* * * LOW HITPOINT WARNING * * *
Pikel hits you with a whip of electrocution!
* * * LOW HITPOINT WARNING * * *
You are electrocuted!
You die...

#####
#...##########
#..pK@.......#
........p##p##.##.#
.##.##>|###.##.##.#
# ....# #.##.##.#
###.## #.##.##.# K.
#.##.##.# ...
#.......# ....
####.#### #.#


You could see Pikel and 3 slaves.

Vanquished Creatures
  A slave (D:5)
  An ogre (D:3)
  A giant frog (D:3)
  A scorpion (D:4)
  An orc wizard (D:3)
  2 orc priests
  A giant frog skeleton (D:4)
  Jessica (D:3)
  7 adders
  4 worms
  2 adder skeletons (D:4)
  2 giant geckos (D:1)
  10 orcs
  6 hobgoblins
  3 jackals (D:1)
  6 kobolds
  2 bats (D:1)
  2 giant cockroaches (D:1)
  5 giant newts
  4 goblins
  9 rats
71 creatures vanquished.

Notes
Turn   | Place    | Note
--------------------------------------------------------------
     0 | D:1      | Medved the Minotaur Berserker began the quest for the Orb.
     0 | D:1      | Reached XP level 1. HP: 19/19 MP: 0/0
   180 | D:1      | Reached skill level 4 in Fighting
   186 | D:1      | Reached XP level 2. HP: 18/27 MP: 1/1
   726 | D:1      | Acquired Trog's second power
   726 | D:1      | Reached XP level 3. HP: 31/34 MP: 2/2
  1330 | D:3      | Noticed a giant frog
  1336 | D:3      | Killed a giant frog
  1336 | D:3      | Reached skill level 5 in Fighting
  1336 | D:3      | Reached skill level 5 in Axes
  1336 | D:3      | Reached XP level 4. HP: 30/42 MP: 3/3
  1518 | D:3      | Reached XP level 5. HP: 29/49 MP: 4/4
  2007 | D:3      | Noticed Jessica
  2016 | D:3      | Killed Jessica
  2132 | D:4      | Noticed an ogre
  2134 | D:4      | Noticed a phantom
  2310 | D:3      | Killed an ogre
  2310 | D:3      | Reached skill level 6 in Fighting
  2310 | D:3      | Reached XP level 6. HP: 37/58 MP: 5/5
  2902 | D:4      | Found a stormy altar of Qazlal.
  3196 | D:4      | Reached skill level 7 in Fighting
  3291 | D:5      | Entered Level 5 of the Dungeon
  3348 | D:5      | Noticed Pikel
  3363 | D:5      | Mangled by Pikel

Vault maps used:
D:1:      dpeg_arrival_radiant, minivault_27
D:3:      minmay_misc_feat_tiny, uniq_jessica
D:4:      nicolae_qazlal_eye_of_the_storm, nicolae_ossuary_entry_plus,
          first_bread
D:5:      basic_altar, uniq_pikel, uniq_duvessa, uniq_menkaure

Action                   |  1- 3 |  4- 6 || total
-------------------------+-------+-------++-------
Melee: Hand axe          |    61 |   134 ||   195
  Use: Scroll            |       |     3 ||     3
  Eat: Chunk             |       |     8 ||     8
